Islanders vs Kings
Created - February 5, 2023 at 10:12
Goals
|
| Islanders |
1 |
0 |
0 |
0 |
1 |
| Kings |
1 |
0 |
0 |
1 |
2 |
|
Shots
|
| Islanders |
9 |
8 |
8 |
0 |
25 |
| Kings |
4 |
10 |
15 |
3 |
32 |
|
1st period
1. Kings , Peter Regin 4 (Jujhar Khaira 7, Nikita Kucherov 23) at 5:34
2. Islanders , Vladimir Tarasenko 19 (Frans Nielsen 23) at 12:13
Penalties :
William Nylander (L.A) for Tripping (Minor) at 15:08
2nd period
No Goal
Penalties :
Darnell Nurse (L.A) for Goalie Interference (Minor) at 1:00, Frans Nielsen (NyI) for Roughing (Minor) at 15:05
3rd period
No Goal
Penalties :
Alexander Kerfoot (L.A) for Tripping (Minor) at 15:10, Brock McGinn (NyI) for Holding (Minor) at 19:49
Overtime #1
3. Kings , Ilya Kovalchuk 13 (William Nylander 10, Rasmus Ristolainen 20) at 3:35
Penalties :
No Penalty
Goalie Stats
Marc-André Fleury (NyI), 30 saves from 32 shots - (0.938), OTL, 13-8-4, 63:35 minutes
Petr Mrazek (L.A), 24 saves from 25 shots - (0.960), W, 15-10-0, 63:35 minutes
Players Stats for Islanders
Player Name G A P +/- PIM S H SB GA TA FO MP PP MP PK MP
------------------------------------------------------------------------------------
Andrew Shaw 0 0 0 0 0 0 1 0 1 0 0/0 11:01 0:00 0:00
Brenden Dillon 0 0 0 0 0 1 0 0 0 0 0/0 13:58 0:00 0:00
Brock McGinn 0 0 0 0 2 2 3 0 0 0 1/2 19:27 2:55 1:08
Craig Smith 0 0 0 -1 0 2 3 1 0 0 0/0 9:19 0:00 0:00
Emerson Etem 0 0 0 -1 0 1 1 0 0 0 0/0 9:42 0:00 0:23
Frans Nielsen 0 1 1 0 2 1 2 0 0 0 11/28 22:02 3:02 1:17
Justin Falk 0 0 0 0 0 1 0 0 0 0 0/0 13:33 0:00 0:00
Kellan Lain 0 0 0 0 0 0 0 1 0 0 1/2 22:33 3:02 1:25
Melker Karlsson 0 0 0 0 0 2 2 0 0 0 7/15 18:52 2:55 1:28
Michael Latta 0 0 0 0 0 1 0 0 0 0 2/3 11:28 0:00 0:26
Nikita Zadorov 0 0 0 -1 0 0 0 2 0 0 0/0 21:51 2:57 1:58
Pierre-Edouard Bellemare 0 0 0 -1 0 2 0 0 0 1 0/1 9:19 0:00 0:00
Rick Nash 0 0 0 0 0 1 2 0 0 0 0/1 17:24 2:55 0:00
Ryan Ellis 0 0 0 0 0 3 2 3 2 1 0/0 28:11 3:00 2:00
Sergei Plotnikov 0 0 0 0 0 1 1 1 0 0 1/2 11:57 0:00 0:00
Vladimir Tarasenko 1 0 1 1 0 7 0 4 1 0 1/2 20:06 3:02 0:00
Wes O'Neill 0 0 0 -1 0 0 1 0 0 0 0/0 21:26 2:57 1:58
Yann Sauvé 0 0 0 0 0 0 0 2 0 0 0/0 28:11 3:00 2:00
Players Stats for Kings
Player Name G A P +/- PIM S H SB GA TA FO MP PP MP PK MP
------------------------------------------------------------------------------------
Aaron Ekblad 0 0 0 1 0 3 0 0 1 0 0/0 15:41 0:00 2:28
Alexander Kerfoot 0 0 0 -1 2 3 2 0 0 1 9/14 15:07 1:02 0:00
Auston Matthews 0 0 0 0 0 1 4 0 0 0 14/23 17:58 1:02 0:00
Benoit Pouliot 0 0 0 0 0 3 4 0 0 0 0/0 16:32 0:00 0:35
Darnell Nurse 0 0 0 0 2 0 0 2 0 0 0/0 25:14 0:44 2:20
Drew Stafford 0 0 0 1 0 0 0 1 0 0 0/1 9:17 0:00 1:39
Erik Haula 0 0 0 0 0 3 3 1 0 2 9/17 19:51 1:07 3:31
Ilya Kovalchuk 1 0 1 1 0 4 2 0 0 1 0/0 19:30 0:00 3:13
Jujhar Khaira 0 1 1 1 0 1 1 0 0 0 0/0 10:01 0:44 1:39
Kyle Clifford 0 0 0 -1 0 1 1 0 0 0 0/0 18:54 1:25 1:17
Mark Fistric 0 0 0 1 0 0 1 1 0 0 0/0 23:03 0:00 2:28
Mitch Marner 0 0 0 0 0 1 4 0 0 0 0/0 15:28 1:07 0:00
Nikita Kucherov 0 1 1 -1 0 3 3 0 0 0 0/0 16:23 1:02 0:00
Ole-Kristian Tollefsen 0 0 0 0 0 0 1 2 1 0 0/0 21:38 0:00 1:08
Peter Regin 1 0 1 1 0 1 1 0 0 0 0/0 7:38 0:00 0:00
Rasmus Ristolainen 0 1 1 0 0 5 2 2 0 0 0/0 23:08 1:25 0:01
Robert Hagg 0 0 0 0 0 0 0 0 0 0 0/0 16:06 0:00 3:29
William Nylander 0 1 1 1 2 3 0 0 0 0 0/1 16:51 1:07 0:00
3 Stars
1 - Ilya Kovalchuk (L.A)
2 - Petr Mrazek (L.A)
3 - Peter Regin (L.A)
Power Play
Islanders - 0 on 3 Attempt(s) - 0.00%
Kings - 0 on 2 Attempt(s) - 0.00%
Penalty Kill
Islanders - 2 on 2 Attempt(s) - 100.00%
- Score 0 goal in Penalty Kill
Kings - 3 on 3 Attempt(s) - 100.00%
- Score 0 goal in Penalty Kill
Team Stat
Islanders - Hits : 18 - Faceoff Wins : 24 - Blocked Shots : 14 - Penalty Minutes : 4
Kings - Hits : 29 - Faceoff Wins : 32 - Blocked Shots : 9 - Penalty Minutes : 6
Official
Referees : Dan O'Rourke and Michael Markovic
Linesman : Jesse Marquis and Tony Sericolo
Game Notes
No Game Note
Finance
Level 1 -- Attendance: 6000 (100.00%) -- Ticket Income $600,000
Level 2 -- Attendance: 5000 (100.00%) -- Ticket Income $300,000
Level 3 -- Attendance: 1822 (91.10%) -- Ticket Income $63,770
Level 4 -- Attendance: 4000 (100.00%) -- Ticket Income $100,000
Luxury Box -- Attendance: 1000 (100.00%) -- Ticket Income $200,000
Game was played at the Staples Center.
Total Attendance: 17822 (99.01%)
Total Ticket Income: $1,263,770
Other Income: $189,566
Total Income: $1,453,336
Islanders
5 vs 5 Forward
Center Left Wing Right Wing Time % Phy DF OF
1 Frans Nielsen Kellan Lain Vladimir Tarasenko 40 1 2 2
2 Melker Karlsson Brock McGinn Rick Nash 30 1 2 2
3 Michael Latta Sergei Plotnikov Andrew Shaw 20 1 2 2
4 Pierre-Edouard Bellemare Emerson Etem Craig Smith 10 1 2 2
5 vs 5 Defense
Defense Defense Time % Phy DF OF
1 Ryan Ellis Yann Sauvé 40 1 2 2
2 Wes O'Neill Nikita Zadorov 30 1 2 2
3 Brenden Dillon Justin Falk 20 1 2 2
4 Ryan Ellis Yann Sauvé 10 1 2 2
PowerPlay Forward
Center Left Wing Right Wing Time % Phy DF OF
1 Frans Nielsen Kellan Lain Vladimir Tarasenko 60 1 2 2
2 Melker Karlsson Brock McGinn Rick Nash 40 1 2 2
PowerPlay Defense
Defense Defense Time % Phy DF OF
1 Ryan Ellis Yann Sauvé 60 1 2 2
2 Wes O'Neill Nikita Zadorov 40 1 2 2
Penalty Kill 4 Players Forward
Center Wing Time % Phy DF OF
1 Frans Nielsen Kellan Lain 60 1 2 2
2 Melker Karlsson Brock McGinn 40 1 2 2
Penalty Kill 4 Players Defense
Defense Defense Time % Phy DF OF
1 Ryan Ellis Yann Sauvé 60 1 2 2
2 Wes O'Neill Nikita Zadorov 40 1 2 2
Penalty Kill - 3 Players Forward
Forward Time % Phy DF OF
1 Frans Nielsen 60 1 2 2
2 Melker Karlsson 40 1 2 2
Penalty Kill - 3 Players Defense
Defense Defense Time % Phy DF OF
1 Ryan Ellis Yann Sauvé 60 1 2 2
2 Wes O'Neill Nikita Zadorov 40 1 2 2
4 vs 4 Forward
Center Wing Time % Phy DF OF
1 Frans Nielsen Kellan Lain 60 1 2 2
2 Melker Karlsson Brock McGinn 40 1 2 2
4 vs 4 Defense
Defense Defense Time % Phy DF OF
1 Ryan Ellis Yann Sauvé 60 1 2 2
2 Wes O'Neill Nikita Zadorov 40 1 2 2
Last Minutes Offensive
Center Left Wing Right Wing Defense Defense
Frans Nielsen Kellan Lain Vladimir Tarasenko Ryan Ellis Yann Sauvé
Last Minutes Defensive
Center Left Wing Right Wing Defense Defense
Frans Nielsen Kellan Lain Vladimir Tarasenko Ryan Ellis Yann Sauvé
Goaltenders
Starting : Marc-André Fleury
Backup : Cam Ward
Extra Forwards
Normal : Brock McGinn, Sergei Plotnikov, Melker Karlsson - PP : Brock McGinn, Sergei Plotnikov - PK : Brock McGinn
Extra Defensemen
Normal : Nikita Zadorov, Brenden Dillon, Justin Falk - PP : Nikita Zadorov - PK : Nikita Zadorov, Brenden Dillon
Penalty Shots
Vladimir Tarasenko, Rick Nash, Kellan Lain, Frans Nielsen, Brock McGinn
Scratches
Carl Klingberg (Healthy)
Kings
5 vs 5 Forward
Center Left Wing Right Wing Time % Phy DF OF
1 Alexander Kerfoot Kyle Clifford Nikita Kucherov 30 1 2 2
2 Erik Haula William Nylander Mitch Marner 30 1 2 2
3 Auston Matthews Benoit Pouliot Ilya Kovalchuk 30 1 2 2
4 Peter Regin Jujhar Khaira Drew Stafford 10 1 2 2
5 vs 5 Defense
Defense Defense Time % Phy DF OF
1 Darnell Nurse Mark Fistric 40 1 3 1
2 Ole-Kristian Tollefsen Rasmus Ristolainen 40 1 3 1
3 Aaron Ekblad Robert Hagg 15 1 3 1
4 Darnell Nurse Aaron Ekblad 5 1 3 1
PowerPlay Forward
Center Left Wing Right Wing Time % Phy DF OF
1 Alexander Kerfoot Auston Matthews Nikita Kucherov 55 0 1 4
2 Erik Haula William Nylander Mitch Marner 45 0 1 4
PowerPlay Defense
Defense Defense Time % Phy DF OF
1 Kyle Clifford Rasmus Ristolainen 70 0 2 3
2 Darnell Nurse Jujhar Khaira 30 0 3 2
Penalty Kill 4 Players Forward
Center Wing Time % Phy DF OF
1 Erik Haula Ilya Kovalchuk 60 0 4 1
2 Drew Stafford Jujhar Khaira 40 0 4 1
Penalty Kill 4 Players Defense
Defense Defense Time % Phy DF OF
1 Darnell Nurse Robert Hagg 60 1 4 0
2 Mark Fistric Aaron Ekblad 40 1 4 0
Penalty Kill - 3 Players Forward
Forward Time % Phy DF OF
1 Erik Haula 60 1 2 2
2 Drew Stafford 40 1 2 2
Penalty Kill - 3 Players Defense
Defense Defense Time % Phy DF OF
1 Darnell Nurse Robert Hagg 60 1 2 2
2 Aaron Ekblad Mark Fistric 40 1 2 2
4 vs 4 Forward
Center Wing Time % Phy DF OF
1 Auston Matthews Kyle Clifford 60 1 2 2
2 Erik Haula Nikita Kucherov 40 1 2 2
4 vs 4 Defense
Defense Defense Time % Phy DF OF
1 Darnell Nurse Mark Fistric 60 1 2 2
2 Ole-Kristian Tollefsen Rasmus Ristolainen 40 1 2 2
Last Minutes Offensive
Center Left Wing Right Wing Defense Defense
Alexander Kerfoot Kyle Clifford Nikita Kucherov Darnell Nurse Rasmus Ristolainen
Last Minutes Defensive
Center Left Wing Right Wing Defense Defense
Erik Haula Kyle Clifford Ilya Kovalchuk Darnell Nurse Aaron Ekblad
Goaltenders
Starting : Petr Mrazek
Backup : Thomas McCollum
Extra Forwards
Normal : William Nylander, Ilya Kovalchuk, Nikita Kucherov - PP : Benoit Pouliot, Ilya Kovalchuk - PK : Kyle Clifford
Extra Defensemen
Normal : Rasmus Ristolainen, Darnell Nurse, Ole-Kristian Tollefsen - PP : Aaron Ekblad - PK : Ole-Kristian Tollefsen, Rasmus Ristolainen
Penalty Shots
Ilya Kovalchuk, Benoit Pouliot, Nikita Kucherov, Auston Matthews, Peter Regin
Scratches
Jeff Schultz (Healthy), Joe Colborne (Healthy), Michael Raffl (Healthy)
% Time on Ice - Islanders
Lines # - Real PCT - Wanted PCT - Time Play
Normal Forward
1 - 33% - 40% - 17:05
2 - 28% - 30% - 14:29
3 - 21% - 20% - 11:01
4 - 18% - 10% - 9:19
Normal Defense
1 - 37% - 40% - 18:57
2 - 31% - 30% - 15:54
3 - 26% - 20% - 13:33
4 - 7% - 10% - 3:30
PP Forward
1 - 51% - 60% - 3:02
2 - 49% - 40% - 2:55
PP Defense
1 - 50% - 60% - 3:00
2 - 50% - 40% - 2:57
PK Forward
1 - 100% - 60% - 2:09
2 - 0% - 40% - 0:00
PK Defense
1 - 60% - 60% - 1:17
2 - 40% - 40% - 0:52
PK3 Forward
1 - 95% - 60% - 1:44
2 - 5% - 40% - 0:05
PK3 Defense
1 - 39% - 60% - 0:43
2 - 61% - 40% - 1:06
44 Forward
1 - 100% - 60% - 1:46
2 - 0% - 40% - 0:00
44 Defense
1 - 65% - 60% - 1:09
2 - 35% - 40% - 0:37
Last Minute Offensive - 0:00
Last Minute Defensive - 0:00
Total
Forward - 63:35
Defense - 63:35
|
% Time on Ice - Kings
Lines # - Real PCT - Wanted PCT - Time Play
Normal Forward
1 - 28% - 30% - 14:40
2 - 28% - 30% - 14:21
3 - 29% - 30% - 15:15
4 - 15% - 10% - 7:38
Normal Defense
1 - 39% - 40% - 20:03
2 - 38% - 40% - 19:42
3 - 21% - 15% - 10:52
4 - 2% - 5% - 1:17
PP Forward
1 - 48% - 55% - 1:02
2 - 52% - 45% - 1:07
PP Defense
1 - 66% - 70% - 1:25
2 - 34% - 30% - 0:44
PK Forward
1 - 72% - 60% - 4:18
2 - 28% - 40% - 1:39
PK Defense
1 - 59% - 60% - 3:29
2 - 41% - 40% - 2:28
PK3 Forward
1 - 0% - 60%
2 - 0% - 40%
PK3 Defense
1 - 0% - 60%
2 - 0% - 40%
44 Forward
1 - 78% - 60% - 2:48
2 - 22% - 40% - 0:47
44 Defense
1 - 57% - 60% - 2:02
2 - 43% - 40% - 1:33
Last Minute Offensive - 0:00
Last Minute Defensive - 0:00
Total
Forward - 63:35
Defense - 63:35
|
Play-by-Play
1st period
0:01 of 1st period - Vladimir Tarasenko wins face-off versus Alexander Kerfoot in neutral zone.
0:04 of 1st period - Slapshot by Ryan Ellis.
0:04 of 1st period - Stopped by Petr Mrazek with a rebound.
0:16 of 1st period - Icing by Darnell Nurse.
0:17 of 1st period - Alexander Kerfoot wins face-off versus Melker Karlsson in Kings zone.
0:22 of 1st period - Nikita Zadorov is hit by Kyle Clifford and loses puck.
0:51 of 1st period - Snap shot by William Nylander.
0:51 of 1st period - Stopped by Marc-André Fleury without a rebound.
0:52 of 1st period - Auston Matthews wins face-off versus Pierre-Edouard Bellemare in Islanders zone.
1:07 of 1st period - Justin Falk is hit by Benoit Pouliot and loses puck.
1:20 of 1st period - Snap shot by Vladimir Tarasenko.
1:20 of 1st period - Shot Hit the Post.
1:22 of 1st period - Slapshot by Frans Nielsen.
1:22 of 1st period - Shot Blocked by Rasmus Ristolainen.
1:24 of 1st period - Snap shot by Justin Falk.
1:24 of 1st period - Stopped by Petr Mrazek with a rebound.
1:52 of 1st period - Ole-Kristian Tollefsen is hit by Brock McGinn and loses puck.
3:30 of 1st period - Mark Fistric is hit by Sergei Plotnikov and loses puck.
3:58 of 1st period - Melker Karlsson is hit by Erik Haula and loses puck.
4:19 of 1st period - Slapshot by Vladimir Tarasenko.
4:19 of 1st period - Shot Misses the Net.
4:21 of 1st period - Slapshot by Ryan Ellis.
4:21 of 1st period - Stopped by Petr Mrazek without a rebound.
4:22 of 1st period - Auston Matthews wins face-off versus Michael Latta in Kings zone.
4:48 of 1st period - Vladimir Tarasenko is hit by Erik Haula and loses puck.
5:34 of 1st period - Wrist shot by Peter Regin.
5:34 of 1st period - Goal by Peter Regin - Islanders : 0 - Kings : 1.
5:35 of 1st period - Auston Matthews wins face-off versus Frans Nielsen in neutral zone.
6:01 of 1st period - Darnell Nurse is hit by Ryan Ellis and loses puck.
6:36 of 1st period - Wrist shot by Michael Latta.
6:36 of 1st period - Shot Misses the Net.
6:46 of 1st period - Wrist shot by Benoit Pouliot.
6:46 of 1st period - Shot Misses the Net.
6:50 of 1st period - Wrist shot by Ilya Kovalchuk.
6:50 of 1st period - Shot Misses the Net.
6:52 of 1st period - Slapshot by Robert Hagg.
6:52 of 1st period - Shot Blocked by Craig Smith.
6:54 of 1st period - Snap shot by Robert Hagg.
6:54 of 1st period - Shot Blocked by Nikita Zadorov.
7:13 of 1st period - Slapshot by Rasmus Ristolainen.
7:13 of 1st period - Shot Blocked by Vladimir Tarasenko.
7:15 of 1st period - Wrist shot by Ole-Kristian Tollefsen.
7:15 of 1st period - Shot Blocked by Kellan Lain.
7:29 of 1st period - Snap shot by Melker Karlsson.
7:29 of 1st period - Stopped by Petr Mrazek with a rebound.
7:39 of 1st period - Ole-Kristian Tollefsen is hit by Brock McGinn and loses puck.
8:00 of 1st period - Wrist shot by Andrew Shaw.
8:00 of 1st period - Deflect By Sergei Plotnikov.
8:00 of 1st period - Shot Misses the Net.
8:00 of 1st period - Puck is out of play.
8:01 of 1st period - Auston Matthews wins face-off versus Frans Nielsen in Kings zone.
8:14 of 1st period - Wrist shot by Auston Matthews.
8:14 of 1st period - Shot Blocked by Vladimir Tarasenko.
8:59 of 1st period - Slapshot by Aaron Ekblad.
8:59 of 1st period - Shot Blocked by Ryan Ellis.
9:01 of 1st period - Slapshot by Robert Hagg.
9:01 of 1st period - Shot Blocked by Ryan Ellis.
9:03 of 1st period - Slapshot by Aaron Ekblad.
9:03 of 1st period - Stopped by Marc-André Fleury without a rebound.
9:04 of 1st period - Frans Nielsen wins face-off versus Auston Matthews in Islanders zone.
9:19 of 1st period - Wrist shot by Vladimir Tarasenko.
9:19 of 1st period - Shot Blocked by Ole-Kristian Tollefsen.
9:21 of 1st period - Wrist shot by Kellan Lain.
9:21 of 1st period - Shot Misses the Net.
9:31 of 1st period - Brenden Dillon is hit by Rasmus Ristolainen and loses puck.
9:40 of 1st period - Snap shot by Melker Karlsson.
9:40 of 1st period - Shot Blocked by Rasmus Ristolainen.
9:54 of 1st period - Erik Haula is hit by Andrew Shaw and loses puck.
10:29 of 1st period - Wes O'Neill is hit by Ilya Kovalchuk and loses puck.
10:38 of 1st period - Snap shot by Vladimir Tarasenko.
10:38 of 1st period - Stopped by Petr Mrazek without a rebound.
10:39 of 1st period - Kellan Lain wins face-off versus Alexander Kerfoot in Kings zone.
10:54 of 1st period - Slapshot by Frans Nielsen.
10:54 of 1st period - Shot Misses the Net.
11:06 of 1st period - Erik Haula is hit by Ryan Ellis and loses puck.
11:58 of 1st period - Slapshot by Jujhar Khaira.
11:58 of 1st period - Stopped by Marc-André Fleury without a rebound.
11:59 of 1st period - Alexander Kerfoot wins face-off versus Frans Nielsen in Islanders zone.
12:02 of 1st period - Snap shot by Alexander Kerfoot.
12:02 of 1st period - Shot Blocked by Ryan Ellis.
12:11 of 1st period - Icing by Nikita Kucherov.
12:12 of 1st period - Frans Nielsen wins face-off versus Alexander Kerfoot in Kings zone.
12:13 of 1st period - Snap shot by Vladimir Tarasenko.
12:13 of 1st period - Goal by Vladimir Tarasenko - Islanders : 1 - Kings : 1.
12:14 of 1st period - Frans Nielsen wins face-off versus Erik Haula in neutral zone.
12:25 of 1st period - Slapshot by Darnell Nurse.
12:25 of 1st period - Shot Misses the Net.
13:14 of 1st period - Snap shot by Craig Smith.
13:14 of 1st period - Stopped by Petr Mrazek without a rebound.
13:15 of 1st period - Erik Haula wins face-off versus Frans Nielsen in Kings zone.
13:49 of 1st period - Off-side.
13:50 of 1st period - Alexander Kerfoot wins face-off versus Sergei Plotnikov in neutral zone.
14:18 of 1st period - Off-side.
14:19 of 1st period - Auston Matthews wins face-off versus Frans Nielsen in neutral zone.
14:24 of 1st period - Wrist shot by Benoit Pouliot.
14:24 of 1st period - Deflect By Ilya Kovalchuk.
14:24 of 1st period - Shot Blocked by Yann Sauvé.
14:24 of 1st period - Puck is out of play.
14:25 of 1st period - Alexander Kerfoot wins face-off versus Frans Nielsen in Islanders zone.
15:08 of 1st period - Minor Penalty to William Nylander for Tripping.
15:09 of 1st period - Erik Haula wins face-off versus Frans Nielsen in Kings zone.
16:51 of 1st period - Yann Sauvé is hit by Jujhar Khaira and loses puck.
17:08 of 1st period - Penalty to William Nylander is over, William Nylander is back on ice.
18:09 of 1st period - Wrist shot by Pierre-Edouard Bellemare.
18:09 of 1st period - Stopped by Petr Mrazek with a rebound.
18:11 of 1st period - Snap shot by Craig Smith.
18:11 of 1st period - Stopped by Petr Mrazek with a rebound.
18:13 of 1st period - Snap shot by Pierre-Edouard Bellemare.
18:13 of 1st period - Shot Blocked by Erik Haula.
18:45 of 1st period - Wes O'Neill is hit by Peter Regin and loses puck.
19:56 of 1st period - Craig Smith is hit by Benoit Pouliot and loses puck.
Goals for this period are 1 for Islanders vs 1 for Kings.
Shots for this period are 9 for Islanders vs 4 for Kings.
2nd period
0:01 of 2nd period - Frans Nielsen wins face-off versus Auston Matthews in neutral zone.
0:15 of 2nd period - Icing by Ilya Kovalchuk.
0:16 of 2nd period - Melker Karlsson wins face-off versus Auston Matthews in Kings zone.
0:17 of 2nd period - Slapshot by Ryan Ellis.
0:17 of 2nd period - Shot Misses the Net.
0:39 of 2nd period - Snap shot by Benoit Pouliot.
0:39 of 2nd period - Deflect By Ilya Kovalchuk.
0:39 of 2nd period - Stopped by Marc-André Fleury with a rebound.
0:51 of 2nd period - Wrist shot by Ilya Kovalchuk.
0:51 of 2nd period - Shot Blocked by Vladimir Tarasenko.
1:00 of 2nd period - Minor Penalty to Darnell Nurse for Goalie Interference.
1:01 of 2nd period - Frans Nielsen wins face-off versus Erik Haula in Kings zone.
2:20 of 2nd period - Off-side.
2:21 of 2nd period - Melker Karlsson wins face-off versus Drew Stafford in neutral zone.
3:00 of 2nd period - Penalty to Darnell Nurse is over, Darnell Nurse is back on ice.
3:17 of 2nd period - Wrist shot by Sergei Plotnikov.
3:17 of 2nd period - Stopped by Petr Mrazek with a rebound.
3:44 of 2nd period - Robert Hagg is hit by Craig Smith and loses puck.
3:55 of 2nd period - Slapshot by William Nylander.
3:55 of 2nd period - Deflect By Erik Haula.
3:55 of 2nd period - Shot Misses the Net.
3:55 of 2nd period - Puck is out of play.
3:56 of 2nd period - Melker Karlsson wins face-off versus Erik Haula in Islanders zone.
3:56 of 2nd period - Melker Karlsson is hit by Erik Haula.
4:08 of 2nd period - Wrist shot by Melker Karlsson.
4:08 of 2nd period - Stopped by Petr Mrazek without a rebound.
4:09 of 2nd period - Frans Nielsen wins face-off versus Auston Matthews in Kings zone.
4:12 of 2nd period - Slapshot by Vladimir Tarasenko.
4:12 of 2nd period - Shot Misses the Net.
4:24 of 2nd period - Wrist shot by Vladimir Tarasenko.
4:24 of 2nd period - Stopped by Petr Mrazek with a rebound.
4:26 of 2nd period - Snap shot by Kellan Lain.
4:26 of 2nd period - Shot Misses the Net.
4:42 of 2nd period - Backhand shot by Alexander Kerfoot.
4:42 of 2nd period - Shot Hit the Post.
4:59 of 2nd period - Icing by Sergei Plotnikov.
5:00 of 2nd period - Michael Latta wins face-off versus Erik Haula in Islanders zone.
5:17 of 2nd period - Wrist shot by Erik Haula.
5:17 of 2nd period - Stopped by Marc-André Fleury with a rebound.
5:23 of 2nd period - Wrist shot by Mitch Marner.
5:23 of 2nd period - Stopped by Marc-André Fleury without a rebound.
5:24 of 2nd period - Auston Matthews wins face-off versus Frans Nielsen in Islanders zone.
5:31 of 2nd period - Slapshot by Ilya Kovalchuk.
5:31 of 2nd period - Stopped by Marc-André Fleury with a rebound.
5:37 of 2nd period - Wrist shot by Aaron Ekblad.
5:37 of 2nd period - Deflect By Vladimir Tarasenko.
5:37 of 2nd period - Stopped by Marc-André Fleury without a rebound.
5:38 of 2nd period - Frans Nielsen wins face-off versus Erik Haula in Islanders zone.
6:04 of 2nd period - Nikita Zadorov is hit by Nikita Kucherov.
6:25 of 2nd period - Ryan Ellis is hit by Auston Matthews and loses puck.
6:38 of 2nd period - Snap shot by Rasmus Ristolainen.
6:38 of 2nd period - Shot Misses the Net.
7:12 of 2nd period - Snap shot by Vladimir Tarasenko.
7:12 of 2nd period - Stopped by Petr Mrazek with a rebound.
7:14 of 2nd period - Wrist shot by Ryan Ellis.
7:14 of 2nd period - Stopped by Petr Mrazek with a rebound.
7:16 of 2nd period - Slapshot by Ryan Ellis.
7:16 of 2nd period - Shot Blocked by Mark Fistric.
7:18 of 2nd period - Wrist shot by Vladimir Tarasenko.
7:18 of 2nd period - Stopped by Petr Mrazek without a rebound.
7:19 of 2nd period - Frans Nielsen wins face-off versus Auston Matthews in Kings zone.
7:46 of 2nd period - Rick Nash is hit by Mitch Marner.
7:54 of 2nd period - Slapshot by Nikita Zadorov.
7:54 of 2nd period - Shot Misses the Net.
8:12 of 2nd period - Darnell Nurse is hit by Emerson Etem and loses puck.
9:46 of 2nd period - Craig Smith is hit by Nikita Kucherov and loses puck.
10:31 of 2nd period - Wrist shot by Michael Latta.
10:31 of 2nd period - Stopped by Petr Mrazek without a rebound.
10:32 of 2nd period - Erik Haula wins face-off versus Frans Nielsen in Kings zone.
11:04 of 2nd period - Snap shot by Brock McGinn.
11:04 of 2nd period - Shot Misses the Net.
11:06 of 2nd period - Snap shot by Melker Karlsson.
11:06 of 2nd period - Shot Blocked by Ole-Kristian Tollefsen.
11:49 of 2nd period - Snap shot by Peter Regin.
11:49 of 2nd period - Shot Misses the Net.
13:26 of 2nd period - Snap shot by Pierre-Edouard Bellemare.
13:26 of 2nd period - Stopped by Petr Mrazek without a rebound.
13:27 of 2nd period - Auston Matthews wins face-off versus Frans Nielsen in Kings zone.
13:54 of 2nd period - Brock McGinn is hit by Mitch Marner and loses puck.
14:03 of 2nd period - Snap shot by William Nylander.
14:03 of 2nd period - Stopped by Marc-André Fleury without a rebound.
14:04 of 2nd period - Erik Haula wins face-off versus Frans Nielsen in Islanders zone.
14:33 of 2nd period - Off-side.
14:34 of 2nd period - Melker Karlsson wins face-off versus Auston Matthews in neutral zone.
14:37 of 2nd period - Auston Matthews is hit by Melker Karlsson and loses puck.
15:00 of 2nd period - Slapshot by Ilya Kovalchuk.
15:00 of 2nd period - Shot Blocked by Vladimir Tarasenko.
15:05 of 2nd period - Minor Penalty to Frans Nielsen for Roughing.
15:06 of 2nd period - Alexander Kerfoot wins face-off versus Brock McGinn in Islanders zone.
15:06 of 2nd period - Snap shot by Rasmus Ristolainen.
15:06 of 2nd period - Stopped by Marc-André Fleury with a rebound.
15:08 of 2nd period - Slapshot by Alexander Kerfoot.
15:08 of 2nd period - Stopped by Marc-André Fleury with a rebound.
15:10 of 2nd period - Slapshot by Rasmus Ristolainen.
15:10 of 2nd period - Stopped by Marc-André Fleury with a rebound.
15:14 of 2nd period - Snap shot by Alexander Kerfoot.
15:14 of 2nd period - Stopped by Marc-André Fleury with a rebound.
15:16 of 2nd period - Snap shot by Auston Matthews.
15:16 of 2nd period - Shot Blocked by Yann Sauvé.
15:18 of 2nd period - Wrist shot by Alexander Kerfoot.
15:18 of 2nd period - Shot Hit the Post.
15:20 of 2nd period - Slapshot by Rasmus Ristolainen.
15:20 of 2nd period - Deflect By Nikita Kucherov.
15:20 of 2nd period - Shot Hit the Post.
15:20 of 2nd period - Puck is out of play.
15:21 of 2nd period - Brock McGinn wins face-off versus Erik Haula in Islanders zone.
16:21 of 2nd period - Wes O'Neill is hit by Auston Matthews and loses puck.
16:57 of 2nd period - Michael Latta is hit by Rasmus Ristolainen and loses puck.
17:05 of 2nd period - Penalty to Frans Nielsen is over, Frans Nielsen is back on ice.
17:12 of 2nd period - Kyle Clifford is hit by Craig Smith.
17:16 of 2nd period - Pierre-Edouard Bellemare is hit by Alexander Kerfoot and loses puck.
17:29 of 2nd period - Slapshot by Michael Latta.
17:29 of 2nd period - Shot Misses the Net.
17:48 of 2nd period - Darnell Nurse is hit by Frans Nielsen.
Goals for this period are 0 for Islanders vs 0 for Kings.
Shots for this period are 8 for Islanders vs 10 for Kings.
3rd period
0:01 of 3rd period - Erik Haula wins face-off versus Frans Nielsen in neutral zone.
0:14 of 3rd period - Snap shot by Frans Nielsen.
0:14 of 3rd period - Stopped by Petr Mrazek with a rebound.
0:55 of 3rd period - Wrist shot by Benoit Pouliot.
0:55 of 3rd period - Shot Misses the Net.
1:07 of 3rd period - Ole-Kristian Tollefsen is hit by Craig Smith and loses puck.
1:14 of 3rd period - Snap shot by Emerson Etem.
1:14 of 3rd period - Stopped by Petr Mrazek with a rebound.
1:16 of 3rd period - Slapshot by Craig Smith.
1:16 of 3rd period - Shot Blocked by Drew Stafford.
1:38 of 3rd period - Wrist shot by Mitch Marner.
1:38 of 3rd period - Shot Misses the Net.
1:42 of 3rd period - Snap shot by Mitch Marner.
1:42 of 3rd period - Deflect By William Nylander.
1:42 of 3rd period - Shot Misses the Net.
1:42 of 3rd period - Puck is out of play.
1:43 of 3rd period - Alexander Kerfoot wins face-off versus Melker Karlsson in Islanders zone.
1:52 of 3rd period - Wrist shot by Alexander Kerfoot.
1:52 of 3rd period - Stopped by Marc-André Fleury without a rebound.
1:53 of 3rd period - Alexander Kerfoot wins face-off versus Melker Karlsson in Islanders zone.
2:04 of 3rd period - Wrist shot by Kyle Clifford.
2:04 of 3rd period - Stopped by Marc-André Fleury without a rebound.
2:05 of 3rd period - Frans Nielsen wins face-off versus Erik Haula in Islanders zone.
2:34 of 3rd period - Mark Fistric is hit by Rick Nash and loses puck.
3:41 of 3rd period - Wrist shot by Vladimir Tarasenko.
3:41 of 3rd period - Shot Misses the Net.
3:43 of 3rd period - Backhand shot by Frans Nielsen.
3:43 of 3rd period - Shot Misses the Net.
3:45 of 3rd period - Wrist shot by Frans Nielsen.
3:45 of 3rd period - Shot Misses the Net.
3:59 of 3rd period - Justin Falk is hit by Auston Matthews and loses puck.
4:16 of 3rd period - Craig Smith is hit by Nikita Kucherov.
5:04 of 3rd period - Ryan Ellis is hit by Mitch Marner and loses puck.
5:19 of 3rd period - Wrist shot by Erik Haula.
5:19 of 3rd period - Shot Misses the Net.
5:21 of 3rd period - Backhand shot by Erik Haula.
5:21 of 3rd period - Shot Misses the Net.
5:23 of 3rd period - Slapshot by Rasmus Ristolainen.
5:23 of 3rd period - Shot Misses the Net.
5:25 of 3rd period - Snap shot by Erik Haula.
5:25 of 3rd period - Stopped by Marc-André Fleury with a rebound.
5:27 of 3rd period - Slapshot by Rasmus Ristolainen.
5:27 of 3rd period - Shot Hit the Post.
5:29 of 3rd period - Slapshot by Erik Haula.
5:29 of 3rd period - Stopped by Marc-André Fleury without a rebound.
5:30 of 3rd period - Frans Nielsen wins face-off versus Auston Matthews in Islanders zone.
7:03 of 3rd period - Brenden Dillon is hit by Ole-Kristian Tollefsen and loses puck.
7:18 of 3rd period - Ryan Ellis is hit by Alexander Kerfoot and loses puck.
7:43 of 3rd period - Sergei Plotnikov is hit by Benoit Pouliot.
8:15 of 3rd period - Snap shot by Vladimir Tarasenko.
8:15 of 3rd period - Stopped by Petr Mrazek with a rebound.
8:17 of 3rd period - Wrist shot by Vladimir Tarasenko.
8:17 of 3rd period - Stopped by Petr Mrazek without a rebound.
8:18 of 3rd period - Auston Matthews wins face-off versus Kellan Lain in Kings zone.
9:05 of 3rd period - Andrew Shaw is hit by Mark Fistric.
9:15 of 3rd period - Slapshot by Michael Latta.
9:15 of 3rd period - Shot Misses the Net.
9:59 of 3rd period - Snap shot by Rasmus Ristolainen.
9:59 of 3rd period - Shot Hit the Post.
10:55 of 3rd period - Slapshot by Aaron Ekblad.
10:55 of 3rd period - Shot Blocked by Sergei Plotnikov.
10:59 of 3rd period - Slapshot by Benoit Pouliot.
10:59 of 3rd period - Stopped by Marc-André Fleury without a rebound.
11:00 of 3rd period - Auston Matthews wins face-off versus Melker Karlsson in Islanders zone.
11:01 of 3rd period - Slapshot by Rasmus Ristolainen.
11:01 of 3rd period - Stopped by Marc-André Fleury with a rebound.
11:06 of 3rd period - Off-side.
11:07 of 3rd period - Erik Haula wins face-off versus Melker Karlsson in neutral zone.
11:19 of 3rd period - Off-side.
11:20 of 3rd period - Alexander Kerfoot wins face-off versus Frans Nielsen in neutral zone.
11:50 of 3rd period - Icing by Yann Sauvé.
11:51 of 3rd period - Auston Matthews wins face-off versus Rick Nash in Islanders zone.
12:16 of 3rd period - Kellan Lain is hit by Mitch Marner and loses puck.
12:20 of 3rd period - Icing by Wes O'Neill.
12:21 of 3rd period - Erik Haula wins face-off versus Frans Nielsen in Islanders zone.
12:22 of 3rd period - Wrist shot by William Nylander.
12:22 of 3rd period - Stopped by Marc-André Fleury with a rebound.
12:46 of 3rd period - Slapshot by Justin Falk.
12:46 of 3rd period - Shot Misses the Net.
12:48 of 3rd period - Slapshot by Brenden Dillon.
12:48 of 3rd period - Deflect By Erik Haula.
12:48 of 3rd period - Stopped by Petr Mrazek without a rebound.
12:49 of 3rd period - Melker Karlsson wins face-off versus Alexander Kerfoot in Kings zone.
12:50 of 3rd period - Snap shot by Brock McGinn.
12:50 of 3rd period - Deflect By Rick Nash.
12:50 of 3rd period - Shot Blocked by Darnell Nurse.
12:50 of 3rd period - Puck is out of play.
12:51 of 3rd period - Melker Karlsson wins face-off versus Alexander Kerfoot in Kings zone.
12:52 of 3rd period - Slapshot by Ryan Ellis.
12:52 of 3rd period - Shot Blocked by Darnell Nurse.
13:06 of 3rd period - Slapshot by Brock McGinn.
13:06 of 3rd period - Stopped by Petr Mrazek without a rebound.
13:07 of 3rd period - Auston Matthews wins face-off versus Vladimir Tarasenko in Kings zone.
13:14 of 3rd period - Slapshot by Rasmus Ristolainen.
13:14 of 3rd period - Stopped by Marc-André Fleury with a rebound.
14:21 of 3rd period - Wrist shot by Drew Stafford.
14:21 of 3rd period - Shot Blocked by Nikita Zadorov.
14:23 of 3rd period - Slapshot by Mark Fistric.
14:23 of 3rd period - Shot Misses the Net.
14:38 of 3rd period - Craig Smith is hit by Auston Matthews and loses puck.
14:55 of 3rd period - Off-side.
14:56 of 3rd period - Alexander Kerfoot wins face-off versus Frans Nielsen in neutral zone.
14:59 of 3rd period - Wrist shot by Aaron Ekblad.
14:59 of 3rd period - Deflect By Nikita Kucherov.
14:59 of 3rd period - Stopped by Marc-André Fleury with a rebound.
15:10 of 3rd period - Minor Penalty to Alexander Kerfoot for Tripping.
15:11 of 3rd period - Erik Haula wins face-off versus Frans Nielsen in Kings zone.
15:40 of 3rd period - Icing by Rick Nash.
15:41 of 3rd period - Erik Haula wins face-off versus Melker Karlsson in Islanders zone.
15:42 of 3rd period - Snap shot by Ilya Kovalchuk.
15:42 of 3rd period - Stopped by Marc-André Fleury without a rebound.
15:43 of 3rd period - Melker Karlsson wins face-off versus Erik Haula in Islanders zone.
15:50 of 3rd period - Wrist shot by Rick Nash.
15:50 of 3rd period - Stopped by Petr Mrazek with a rebound.
16:20 of 3rd period - Slapshot by Frans Nielsen.
16:20 of 3rd period - Shot Misses the Net.
17:10 of 3rd period - Penalty to Alexander Kerfoot is over, Alexander Kerfoot is back on ice.
17:23 of 3rd period - Snap shot by Rasmus Ristolainen.
17:23 of 3rd period - Shot Misses the Net.
18:02 of 3rd period - Slapshot by Rasmus Ristolainen.
18:02 of 3rd period - Stopped by Marc-André Fleury without a rebound.
18:03 of 3rd period - Auston Matthews wins face-off versus Melker Karlsson in Islanders zone.
18:08 of 3rd period - Wrist shot by Aaron Ekblad.
18:08 of 3rd period - Deflect By Benoit Pouliot.
18:08 of 3rd period - Stopped by Marc-André Fleury without a rebound.
18:09 of 3rd period - Michael Latta wins face-off versus Auston Matthews in Islanders zone.
18:38 of 3rd period - Slapshot by Nikita Kucherov.
18:38 of 3rd period - Stopped by Marc-André Fleury with a rebound.
18:40 of 3rd period - Snap shot by Aaron Ekblad.
18:40 of 3rd period - Stopped by Marc-André Fleury with a rebound.
18:46 of 3rd period - Slapshot by Nikita Kucherov.
18:46 of 3rd period - Stopped by Marc-André Fleury with a rebound.
19:00 of 3rd period - Wrist shot by Brock McGinn.
19:00 of 3rd period - Stopped by Petr Mrazek without a rebound.
19:01 of 3rd period - Auston Matthews wins face-off versus Melker Karlsson in Kings zone.
19:06 of 3rd period - Rick Nash is hit by Benoit Pouliot and loses puck.
19:23 of 3rd period - Benoit Pouliot is hit by Rick Nash and loses puck.
19:47 of 3rd period - Snap shot by Ilya Kovalchuk.
19:47 of 3rd period - Shot Misses the Net.
19:49 of 3rd period - Minor Penalty to Brock McGinn for Holding.
19:50 of 3rd period - Frans Nielsen wins face-off versus William Nylander in Islanders zone.
Goals for this period are 0 for Islanders vs 0 for Kings.
Shots for this period are 8 for Islanders vs 15 for Kings.
Overtime #1
0:01 of 1st overtime period - Auston Matthews wins face-off versus Frans Nielsen in neutral zone.
0:14 of 1st overtime period - Wrist shot by Auston Matthews.
0:14 of 1st overtime period - Stopped by Marc-André Fleury with a rebound.
0:59 of 1st overtime period - Rasmus Ristolainen is hit by Melker Karlsson and loses puck.
1:22 of 1st overtime period - Darnell Nurse is hit by Wes O'Neill and loses puck.
1:35 of 1st overtime period - Darnell Nurse is hit by Frans Nielsen and loses puck.
1:49 of 1st overtime period - Penalty to Brock McGinn is over, Brock McGinn is back on ice.
2:32 of 1st overtime period - Snap shot by Benoit Pouliot.
2:32 of 1st overtime period - Stopped by Marc-André Fleury without a rebound.
2:33 of 1st overtime period - Sergei Plotnikov wins face-off versus Auston Matthews in Islanders zone.
2:38 of 1st overtime period - Kyle Clifford is hit by Brock McGinn and loses puck.
3:28 of 1st overtime period - Frans Nielsen is hit by Ilya Kovalchuk and loses puck.
3:35 of 1st overtime period - Wrist shot by Ilya Kovalchuk.
3:35 of 1st overtime period - Goal by Ilya Kovalchuk - Islanders : 1 - Kings : 2.
Goals for this period are 0 for Islanders vs 1 for Kings.
Shots for this period are 0 for Islanders vs 3 for Kings.